 Dungeon Crawl Stone Soup version 0.21.1-1-g345015f (webtiles) character file.

2 shakethe the Grave Robber (level 1, 0/15 HPs)
             Began as a Naga Necromancer on Feb 22, 2018.
             Slain by a goblin (2 damage)
             ... on level 1 of the Dungeon.
             The game lasted 00:00:50 (61 turns).

shakethe the Grave Robber (Naga Necromancer)          Turns: 61, Time: 00:00:51

Health: 0/15       AC:  1    Str: 10    XL:     1   Next: 40%
Magic:  3/3        EV: 10    Int: 15    God:
Gold:   0          SH:  0    Dex: 11    Spells: 3/4 levels left

rFire    . . .     SeeInvis +   d - +0 dagger
rCold    . . .     Gourm    .   (no shield)
rNeg     . . .     Faith    .   a - +0 robe
rPois    +         Spirit   .   (no helmet)
rElec    .         Reflect  .   (no cloak)
rCorr    .         Harm     .   (no gloves)
MR       .....                  (no barding)
Stlth    ++........             (no amulet)
HPRegen  0.05/turn              (no ring)
MPRegen  0.08/turn              (no ring)

@: very slow
A: large, see invisible, deformed body, poison resistance, slowness 2, slow
metabolism 1, spit poison 1, AC +0
a: Spit Poison


You were on level 1 of the Dungeon.
You were not hungry.

You visited 1 branch of the dungeon, and saw 1 of its levels.

Inventory:

Hand Weapons
 d - a +0 dagger (weapon)
   (You found it on level 1 of the Dungeon)
Armour
 a - a +0 robe (worn)
Scrolls
 e - a scroll of fear {unknown}
 g - a scroll of blinking {unknown}
Books
 b - a book of Necromancy
Comestibles
 c - a ration
 f - 3 chunks of flesh {@w0@w0}


   Skills:
 + Level 0.1 Fighting
 + Level 0.1 Armour
 - Level 1.5 Dodging
 - Level 3.0 Stealth
 + Level 2.0 Spellcasting
 + Level 4.0 Necromancy


You had 3 spell levels left.
You knew the following spells:

 Your Spells              Type           Power        Failure   Level  Hunger
a - Pain                  Necr           ##..         4%          1    #......


Dungeon Overview and Level Annotations

Branches:
Dungeon (1/15)

Altars:


Innate Abilities, Weirdness & Mutations

You cannot wear boots.
Your serpentine skin is tough. (AC +0)
You have supernaturally acute eyesight. (SInv)
Armour fits poorly on your strangely shaped body.
Your system is resistant to poisons. (rPois)
You cover ground very slowly.
You have a slow metabolism.
You can spit poison.


Message History

Welcome, shakethe the Naga Necromancer.
The bosom of this dungeon contains the fabled artefact, the Orb of Zot.
Found a scroll labeled XUENGO EDEYGIZ, a dagger and 11 stones.
Found a staircase leading out of the dungeon.
d - a dagger
There are no items here.
e - a scroll labeled XUENGO EDEYGIZ
d - a +0 dagger (weapon)
A rat comes into view.
You closely miss the rat. The rat bites you.
You take 2 damage, and have 13/15 hp.
You closely miss the rat. The rat bites you but does no damage.
You hit the rat.
You kill the rat!
No target in view!
No target in view!
No target in view!
No target in view!
Unknown command.
You butcher the rat corpse.
f - a chunk of flesh {@w0@w0} You see here a rat skeleton. x2
g - a scroll labeled PIAMAOMIJE A bat comes into view.
Aim: a bat (resting, chance to defeat MR: 83%)
The bat writhes in agony!
You kill the bat!
A goblin comes into view. It is wielding a club.
You take 1 damage, and have 13/15 hp.
You now have 2/3 mp.
A goblin is nearby!
Aim: a goblin, wielding a club (chance to defeat MR: 83%)
The goblin writhes in agony!
You kill the goblin!
You take 1 damage, and have 12/15 hp.
You now have 1/3 mp.
Things that are here:
a club; a goblin corpse You butcher the goblin corpse.
f - 3 chunks of flesh {@w0@w0} (gained 2)
Things that are here:
a club; a goblin skeleton
Things that are here:
a club; a goblin skeleton A rat comes into view.
A rat is nearby!
A rat is nearby!
A goblin comes into view.
The goblin shouts!
You hear a bark!
A jackal comes into view.
A jackal comes into view.
The goblin completely misses you.
The jackal barks!
You hit the goblin.
You hear an angry hiss.
The goblin barely misses you.
You hit the goblin but do no damage. The goblin hits you.
A bat comes into view.
You take 1 damage, and have 12/15 hp.
You hit the goblin but do no damage. The goblin barely misses you.
You barely miss the goblin. The goblin hits you.
You take 2 damage, and have 10/15 hp.
Unknown command.
The bat hits you but does no damage.
A frilled lizard comes into view.
The frilled lizard hisses angrily.
The bat hits you.
A kobold comes into view.
You take 1 damage, and have 9/15 hp.
The bat hits you. The jackal closely misses you.
You take 1 damage, and have 8/15 hp.
MP restored: 3 The bat hits you.
You take 1 damage, and have 7/15 hp.
The jackal bites you.
* * * LOW HITPOINT WARNING * * *
The jackal closely misses you. The jackal misses you.
You take 3 damage, and have 4/15 hp.
The goblin hits you.
* * * LOW HITPOINT WARNING * * *
The jackal barely misses you.
You take 1 damage, and have 3/15 hp.
The jackal bites you.
* * * LOW HITPOINT WARNING * * *
The goblin closely misses you.
Things that are here:
a club; a goblin skeleton You take 1 damage, and have 2/15 hp.
The jackal bites you.
* * * LOW HITPOINT WARNING * * *
You take 1 damage, and have 1/15 hp.
The jackal closely misses you. The goblin hits you.
You die...

...####.........
...........##.##
.........#....##
..........##...##.#
.......r#l.##.....#
..........bK..## ..
........###h...#..
........###g#......
####.......@#.##...
#.............##
##.......#......
#.........#####
##.........#
#...##.#######
#.#.##.#.....####
######.#....#..⌠.....#
........#.###.........


You could see a jackal, a goblin, a bat and a kobold.

Vanquished Creatures
  A goblin (D:1)
  A bat (D:1)
  A rat (D:1)
3 creatures vanquished.

Notes
Turn   | Place    | Note
-------+----------+-------------------------------------------
     0 | D:1      | shakethe the Naga Necromancer began the quest for the Orb.
     0 | D:1      | Reached XP level 1. HP: 15/15 MP: 3/3
    57 | D:1      | HP: 3/15 [goblin (1)]
    59 | D:1      | HP: 1/15 [jackal (1)]
    61 | D:1      | Slain by a goblin

Action                   || total
-------------------------++-------
Melee: Dagger            ||     7
 Cast: Pain              ||     2
Armor: Robe              ||     2
Dodge: Dodged            ||     9

Vault maps used:
D:1:      dpeg_arrival_arbitrary_c

Table legend:
 A = Turns spent in this place as a percentage of turns spent in the entire game.
 B = Non-inter-level travel turns spent in this place as a percentage of non-inter-level travel turns spent in the entire game.
 C = Inter-level travel turns spent in this place as a percentage of turns spent in this place.
 D = Turns resting spent in this place as a percentage of non-inter-level travel turns spent in this place.
 E = Turns spent auto-exploring this place as a percentage of non-inter-level travel turns spent in this place.
 F = Non-inter-level travel turns spent in this place divided by the number of levels of this place that you've seen.
                   A       B       C       D       E      F
               +-------+-------+-------+-------+-------+----------------------
         Total | 100.0 | 100.0 |   0.0 |   0.0 |  32.8 |  61.0
       Dungeon | 100.0 | 100.0 |   0.0 |   0.0 |  32.8 |  61.0
               +-------+-------+-------+-------+-------+----------------------

Table legend:
 A = Kills in this place as a percentage of kills in entire the game.
 B = Kills by you in this place as a percentage of kills by you in the entire game.
 C = Kills by friends in this place as a percentage of kills by friends in the entire game.
 D = Other kills in this place as a percentage of other kills in the entire game.
 E = Experience gained in this place as a percentage of experience gained in the entire game.
 F = Experience gained in this place divided by the number of levels of this place that you have seen.
                   A       B       C       D       E      F
               +-------+-------+-------+-------+-------+----------------------
         Total | 100.0 | 100.0 |   N/A |   N/A | 100.0 |   4.0
       Dungeon | 100.0 | 100.0 |   N/A |   N/A | 100.0 |   4.0
               +-------+-------+-------+-------+-------+----------------------
